 Dungeon Crawl Stone Soup version 0.29-a0-330-g52719c12eb (webtiles) character file.

Game seed: 16929738646591868024

139 Anon1729 the Slasher (level 5, -3/47 HPs)
             Began as a Minotaur Monk on May 13, 2022.
             Killed from afar by Blork the orc (6 damage)
             ... with a puff of frost
             ... on level 4 of the Dungeon.
             The game lasted 00:01:53 (2186 turns).

Anon1729 the Slasher (Minotaur Monk)                Turns: 2186, Time: 00:01:54

Health: -3/47      AC:  5    Str: 15    XL:     5   Next: 1%
Magic:  4/4        EV: 13    Int:  7    God:
Gold:   165        SH:  0    Dex: 15    Spells: 4/4 levels left

rFire   . . .      SeeInvis .   a - +0 falchion
rCold   . . .      Faith    .   (no shield)
rNeg    + . .      Spirit   .   l - +2 leather armour {rN+}
rPois   .          Reflect  .   (helmet restricted)
rElec   .          Harm     .   (no cloak)
rCorr   .          Rampage  .   (no gloves)
Will    .....                   (no boots)
Stlth   ++........              (no amulet)
HPRegen 0.15/turn               (no ring)
MPRegen 0.09/turn               (no ring)

@: no status effects
A: horns 2, retaliatory headbutt
a: no special abilities


You were on level 4 of the Dungeon.
You visited 1 branch of the dungeon, and saw 4 of its levels.

You collected 165 gold pieces.

Inventory:

Hand Weapons
 a - a +0 falchion (weapon)
Armour
 b - a +0 robe
 l - a +2 leather armour of positive energy (worn)
 u - a +0 chain mail
Jewellery
 d - an amulet of guardian spirit
 h - a ring of ice
Wands
 p - a wand of digging (4)
Scrolls
 e - a scroll of vulnerability {unknown}
 f - 2 scrolls of amnesia {unknown}
 n - 3 scrolls of identify {unknown}
 o - a scroll of fear {unknown}
 q - a scroll of teleportation {unknown}
 r - a scroll of immolation {unknown}
 t - 3 scrolls of fog {unknown}
Potions
 c - a potion of ambrosia
 g - a potion of mutation {unknown}
 i - a potion of flight {unknown}
 j - 2 potions of berserk rage {unknown}
 k - a potion of brilliance {unknown}
 m - 2 potions of curing {unknown}
 s - 2 potions of lignification {unknown}


   Skills:
 + Level 4.5 Fighting
 + Level 4.6 Long Blades
 + Level 4.3 Dodging
 + Level 2.7 Stealth


You had 4 spell levels left.
You didn't know any spells.
Your spell library contained the following spells:

 Spells                   Type           Power      Damage    Failure   Level
 Animate Skeleton         Necr           0%         N/A       50%         1
 Freeze                   Ice            0%         1d3       50%         1
 Pain                     Necr           0%         1d4       50%         1
 Frozen Ramparts          Ice            0%         1d2       86%         3
 Gell's Gravitas          Tloc           0%         N/A       86%         3
 Lesser Beckoning         Tloc           0%         N/A       86%         3
 Teleport Other           Tloc           0%         N/A       86%         3
 Vampiric Draining        Necr           0%         2d6       86%         3
 Hailstorm                Conj/Ice       0%         3d3       99%         4


Dungeon Overview and Level Annotations

Branches:
Dungeon (4/15)
 Temple: D:4-7

Altars:
Makhleb

Annotations:
D:4 Blork the orc


Innate Abilities, Weirdness & Mutations

You have a pair of horns on your head.
You reflexively headbutt those who attack you in melee.


Message History

Blork the orc hits you with a +0 dire flail!
You are too injured to fight recklessly!
You are too injured to fight recklessly!
You are too injured to fight recklessly!
You are too injured to fight recklessly!
You are too injured to fight recklessly!
You are too injured to fight recklessly!
You are too injured to fight recklessly!
You are too injured to fight recklessly!
You are too injured to fight recklessly!
You are too injured to fight recklessly!
You are too injured to fight recklessly!
You are too injured to fight recklessly!
You barely miss Blork the orc. Blork the orc closely misses you.
You hit Blork the orc.
Blork the orc is lightly wounded.
Blork the orc closely misses you.
You hit Blork the orc.
Blork the orc is moderately wounded.
Blork the orc points at you and mumbles some strange words.
The magic dart hits you!
You hit Blork the orc.
Blork the orc is heavily wounded.
Blork the orc barely misses you. You furiously retaliate!
You headbutt Blork the orc. You closely miss Blork the orc.
Your headbutt misses Blork the orc.
Blork the orc is severely wounded.
Blork the orc hits you with a +0 dire flail.
* * * LOW HITPOINT WARNING * * *
You barely miss Blork the orc. Your punch misses Blork the orc.
Blork the orc is severely wounded.
Blork the orc gestures wildly while chanting.
Blork the orc seems to speed up.
You slash Blork the orc! You headbutt Blork the orc.
Blork the orc is almost dead.
Blork the orc hits you with a +0 dire flail!
* * * LOW HITPOINT WARNING * * *
Blork the orc gestures at you while chanting.
The puff of frost hits you.
You die...

#.###...##########
###+###.##.............#
........##.............#
........##.(...........#
........+..............#
.......g##.............#
.....$..##...........>.#
........##.............#
........o@.............#
........##.............#
##########.............#
#.............#
#.............#
#...).........#
###############


You could see Blork the orc (fast).

Vanquished Creatures
  A hound (D:3)
  3 adders (D:3)
  An ufetubus (D:4)
  A worm (D:3)
  3 dart slugs
  7 bats
  9 endoplasms
  A giant cockroach (D:1)
  8 goblins
  8 hobgoblins
  6 quokkas
  3 ball pythons
  3 frilled lizards
  6 kobolds
  5 rats
65 creatures vanquished.

Notes
Turn   | Place    | Note
-------+----------+-------------------------------------------
     0 | D:1      | Anon1729 the Minotaur Monk began the quest for the Orb.
     0 | D:1      | Reached XP level 1. HP: 19/19 MP: 0/0
   135 | D:1      | Reached XP level 2. HP: 27/27 MP: 1/1
   524 | D:1      | Reached XP level 3. HP: 26/33 MP: 2/2
  1179 | D:2      | Found a faded altar of an unknown god.
  1487 | D:3      | Reached XP level 4. HP: 40/40 MP: 3/3
  1620 | D:3      | Found a burning altar of Makhleb.
  2155 | D:4      | Reached XP level 5. HP: 46/47 MP: 4/4
  2170 | D:4      | Noticed Blork the orc
  2186 | D:4      | Killed from afar by Blork the orc

Illustrated notes

Levels and vault maps discovered:
D:1:      shiori_arrival_oz, layout_basic
D:2:      layout_basic, hellmonk_ecumenical_altar_heavens_door
D:3:      layout_rooms, bloody_makhleb
D:4:      layout_basic, temple_green, portal_sewer_entry_d,
          ebering_ghost_inner_flame, uniq_blork_the_orc, uniq_menkaure

Skill      XL: |  1  2  3 |
---------------+----------+-----
Stealth        | 2 |  2.7
Long Blades    | 4 |  4.6
Fighting       | 4 |  4.5
Dodging        | 4 |  4.3

Action                   |  1- 3 |  4- 6 || total
-------------------------+-------+-------++-------
Melee: Falchion          |   110 |    45 ||   155
       Headbutt          |     7 |     6 ||    13
       Punch             |     1 |       ||     1
 Stab: Sleeping          |     5 |     2 ||     7
Armor: Robe              |    10 |       ||    10
       Leather armour    |    15 |    14 ||    29
Dodge: Dodged            |    69 |    27 ||    96

Table legend: (Time is in decaauts)
 A = Elapsed time spent in this place.
 B = Non-inter-level travel time spent in this place.
 C = Inter-level travel time spent in this place.
 D = Time resting spent in this place.
 E = Time spent auto-exploring this place.
 F = Levels seen in this place.
 G = Mean time per level.
                   A        B        C        D        E       F      G
               +--------+--------+--------+--------+--------+-----+--------+
         Total |   2200 |   2111 |     89 |     84 |   1614 |   4 |  550.0 |
       Dungeon |   2200 |   2111 |     89 |     84 |   1614 |   4 |  550.0 |
               +--------+--------+--------+--------+--------+-----+--------+

Top non-repeatable levels by time:
     D:1: 913 daAuts
     D:3: 670 daAuts
     D:2: 573 daAuts
     D:4: 42 daAuts
